Crunch vs Moose
Created - March 30, 2023 at 19:15
Goals
|
| Crunch |
2 |
0 |
3 |
5 |
| Moose |
1 |
2 |
0 |
3 |
|
Shots
|
| Crunch |
15 |
6 |
16 |
37 |
| Moose |
8 |
9 |
12 |
29 |
|
1st period
1. Crunch , Jeremy Bracco 8 (Sam Bennett 14) at 3:57
2. Crunch , Sam Bennett 7 (Jeremy Bracco 13) at 13:31
3. Moose , Kyle Connor 27 (Ludwig Bystrom 19, Dylan Strome 56) at 13:43
Penalties :
Jeremy Lauzon (Syr) for Diving (Minor) at 4:25, Jeremy Lauzon (Syr) for Interference (Minor) at 19:22
2nd period
4. Moose , Chase De Leo 10 (Nikolay Goldobin 23) at 2:00
5. Moose , Chase De Leo 11 (Ludwig Bystrom 20, Brandon Halverson) at 10:18
Penalties :
Michael Ferland (Syr) for Slashing (Minor) at 5:02, Brandon Hagel (Syr) for Hooking (Minor) at 7:50, Tomas Jurco (Man) for Hooking (Minor) at 18:15, Brendan Guhle (Syr) for Hooking (Minor) at 18:56
3rd period
6. Crunch , Christoffer Ehn 16 (Jeremy Bracco 14, Brendan Guhle 10) at 6:21 (PP)
7. Crunch , Jeremy Bracco 9 (Jeremy Lauzon 23) at 10:59
8. Crunch , Joel Vermin 10 (Anthony Cirelli 32, Sam Bennett 15) at 19:41 (Empty Net)
Penalties :
Mirco Mueller (Man) for Hooking (Minor) at 5:26, Erik Cernak (Man) for Interference (Minor) at 5:48, Kaapo Kahkonen (Syr) for Slashing (Minor) at 6:25 - Brendan Guhle served the penalty
Goalie Stats
Kaapo Kahkonen (Syr), 26 saves from 29 shots - (0.897), W, 17-18-3, 60:00 minutes
Brandon Halverson (Man), 32 saves from 36 shots - (0.889), L, 13-15-2, 59:40 minutes
Players Stats for Crunch
Player Name G A P +/- PIM S H SB GA TA FO MP PP MP PK MP
------------------------------------------------------------------------------------
Anatoli Golyshev 0 0 0 -1 0 2 1 0 0 0 0/0 8:12 0:00 0:12
Anthony Cirelli 0 1 1 3 0 1 0 3 1 1 0/1 24:16 1:02 5:16
Brandon Hagel 0 0 0 -1 2 3 1 0 0 0 0/1 12:49 0:00 1:27
Brendan Guhle 0 1 1 2 2 1 1 1 0 0 0/0 23:49 1:33 4:41
Christoffer Ehn 1 0 1 0 0 1 0 0 0 1 4/9 15:08 0:38 3:20
Connor Bunnaman 0 0 0 -1 0 0 1 0 0 0 1/5 8:00 0:00 0:00
Jacob Josefson 0 0 0 -1 0 2 0 1 0 0 3/7 8:58 0:00 0:20
Jeremy Bracco 2 2 4 2 0 3 2 0 0 1 1/2 15:42 0:38 0:00
Jeremy Lauzon 0 1 1 0 4 2 2 2 0 1 0/0 14:51 0:00 0:12
Joel Vermin 1 0 1 0 0 4 1 0 0 0 0/0 8:18 0:00 0:00
Jordan Oesterle 0 0 0 -1 0 1 0 3 1 1 0/0 21:46 0:06 4:21
Max McCormick 0 0 0 -1 0 0 0 0 0 0 0/0 8:00 0:00 0:00
Michael Ferland 0 0 0 0 2 2 3 0 0 1 0/2 18:58 0:38 2:52
Noah Hanifin 0 0 0 -1 0 1 2 1 0 2 0/0 19:35 0:06 3:33
Rem Pitlick 0 0 0 0 0 2 0 1 1 0 0/0 15:28 1:02 0:00
Roland McKeown 0 0 0 2 0 2 2 1 0 3 0/0 27:18 1:34 5:41
Sam Bennett 1 2 3 3 0 10 1 0 1 1 21/37 23:46 1:02 5:01
Sean Walker 0 0 0 0 0 0 0 0 0 1 0/0 13:07 0:00 0:00
Players Stats for Moose
Player Name G A P +/- PIM S H SB GA TA FO MP PP MP PK MP
------------------------------------------------------------------------------------
Boris Katchouk 0 0 0 -1 0 0 1 1 0 0 0/0 7:16 0:00 0:00
Chase De Leo 2 0 2 0 0 2 2 0 1 0 4/4 12:40 0:03 0:00
Dylan Strome 0 1 1 0 0 2 2 1 1 1 17/34 22:33 5:09 0:00
Erik Cernak 0 0 0 0 2 2 0 2 0 0 0/0 19:29 2:57 0:24
Jake Leschyshyn 0 0 0 -1 0 0 0 0 0 0 2/5 7:16 0:00 0:00
Julien Gauthier 0 0 0 1 0 0 1 0 0 0 0/0 11:18 0:00 0:00
Juuso Valimaki 0 0 0 0 0 0 0 0 0 0 0/0 10:38 0:00 0:00
Kyle Connor 1 0 1 1 0 3 0 0 2 0 0/2 21:37 5:09 0:03
Ludwig Bystrom 0 2 2 -1 0 2 2 2 1 0 0/0 29:29 6:17 1:37
Mathieu Joseph 0 0 0 -1 0 0 5 1 3 1 2/3 17:58 4:05 1:04
Matthew Benning 0 0 0 0 0 1 2 0 0 0 0/0 11:59 0:03 0:33
Michael McLeod 0 0 0 -1 0 5 2 0 1 0 4/8 17:17 4:02 0:03
Mirco Mueller 0 0 0 -1 2 3 3 1 0 1 0/0 28:33 6:17 0:42
Nathan Walker 0 0 0 -1 0 1 3 1 0 1 1/1 16:30 4:02 0:00
Nikolay Goldobin 0 1 1 1 0 3 0 1 1 0 1/4 12:55 0:00 1:37
Roman Josi 0 0 0 0 0 2 0 0 1 0 0/0 19:53 2:57 0:03
Tomas Jurco 0 0 0 0 2 2 0 0 2 0 3/3 20:27 5:09 0:00
Vinni Lettieri 0 0 0 -1 0 1 0 0 0 0 0/0 7:16 0:00 0:00
3 Stars
1 - Jeremy Bracco (Syr)
2 - Sam Bennett (Syr)
3 - Chase De Leo (Man)
Power Play
Crunch - 1 on 3 Attempt(s) - 33.33%
Moose - 0 on 6 Attempt(s) - 0.00%
Penalty Kill
Crunch - 6 on 6 Attempt(s) - 100.00%
- Score 0 goal in Penalty Kill
Moose - 2 on 3 Attempt(s) - 66.67%
- Score 0 goal in Penalty Kill
Team Stat
Crunch - Hits : 17 - Faceoff Wins : 30 - Blocked Shots : 13 - Penalty Minutes : 12
Moose - Hits : 23 - Faceoff Wins : 34 - Blocked Shots : 10 - Penalty Minutes : 6
Official
Referees : Dean Morton and Chris Rooney
Linesman : Kory Nagy and Kiel Murchison
Game Notes
Christoffer Ehn is injured at 8:05 of 3rd period (Groin)
Nathan Walker is injured at 17:01 of 3rd period (Bruised Right Leg)
Joel Vermin has scored in a empty net!
Finance
Level 1 -- Attendance: 1919 (95.95%) -- Ticket Income $67,165
Level 2 -- Attendance: 960 (96.00%) -- Ticket Income $14,400
Total Attendance: 2879 (95.97%)
Total Ticket Income: $81,565
Other Income: $4,078
Total Income: $85,643
Crunch
5 vs 5 Forward
Center Left Wing Right Wing Time % Phy DF OF
1 Sam Bennett Anthony Cirelli Jeremy Bracco 40 1 2 2
2 Christoffer Ehn Michael Ferland Rem Pitlick 30 1 2 2
3 Jacob Josefson Brandon Hagel Joel Vermin 20 1 2 2
4 Connor Bunnaman Anatoli Golyshev Max McCormick 10 1 2 2
5 vs 5 Defense
Defense Defense Time % Phy DF OF
1 Roland McKeown Brendan Guhle 40 1 2 2
2 Noah Hanifin Jordan Oesterle 30 1 2 2
3 Jeremy Lauzon Sean Walker 20 1 2 2
4 Roland McKeown Brendan Guhle 10 1 2 2
PowerPlay Forward
Center Left Wing Right Wing Time % Phy DF OF
1 Sam Bennett Anthony Cirelli Rem Pitlick 60 1 2 2
2 Christoffer Ehn Michael Ferland Jeremy Bracco 40 1 2 2
PowerPlay Defense
Defense Defense Time % Phy DF OF
1 Roland McKeown Brendan Guhle 60 1 2 2
2 Noah Hanifin Jordan Oesterle 40 1 2 2
Penalty Kill 4 Players Forward
Center Wing Time % Phy DF OF
1 Sam Bennett Anthony Cirelli 60 1 2 2
2 Christoffer Ehn Michael Ferland 40 1 2 2
Penalty Kill 4 Players Defense
Defense Defense Time % Phy DF OF
1 Roland McKeown Brendan Guhle 60 1 2 2
2 Noah Hanifin Jordan Oesterle 40 1 2 2
Penalty Kill - 3 Players Forward
Forward Time % Phy DF OF
1 Sam Bennett 60 1 2 2
2 Christoffer Ehn 40 1 2 2
Penalty Kill - 3 Players Defense
Defense Defense Time % Phy DF OF
1 Roland McKeown Brendan Guhle 60 1 2 2
2 Noah Hanifin Jordan Oesterle 40 1 2 2
4 vs 4 Forward
Center Wing Time % Phy DF OF
1 Sam Bennett Anthony Cirelli 60 1 2 2
2 Christoffer Ehn Michael Ferland 40 1 2 2
4 vs 4 Defense
Defense Defense Time % Phy DF OF
1 Roland McKeown Brendan Guhle 60 1 2 2
2 Noah Hanifin Jordan Oesterle 40 1 2 2
Last Minutes Offensive
Center Left Wing Right Wing Defense Defense
Sam Bennett Anthony Cirelli Rem Pitlick Roland McKeown Brendan Guhle
Last Minutes Defensive
Center Left Wing Right Wing Defense Defense
Sam Bennett Anthony Cirelli Joel Vermin Roland McKeown Brendan Guhle
Goaltenders
Starting : Kaapo Kahkonen
Backup : Jordan Binnington
Extra Forwards
Normal : Brandon Hagel, Jacob Josefson, Joel Vermin - PP : Brandon Hagel, Jacob Josefson - PK : Brandon Hagel
Extra Defensemen
Normal : Jordan Oesterle, Jeremy Lauzon, Sean Walker - PP : Jordan Oesterle - PK : Jordan Oesterle, Jeremy Lauzon
Penalty Shots
Sam Bennett, Anthony Cirelli, Christoffer Ehn, Michael Ferland, Brandon Hagel
Scratches
Axel Holmstrom (Healthy), Blake Lizotte (Healthy), Charles-Olivier Roussel (Healthy), Michael Downing (Healthy), Nikita Gusev (Healthy)
Blake Hillman (Healthy), Josef Korenar (Healthy)
Moose
5 vs 5 Forward
Center Left Wing Right Wing Time % Phy DF OF
1 Dylan Strome Kyle Connor Tomas Jurco 40 1 2 2
2 Michael McLeod Nathan Walker Mathieu Joseph 30 1 2 2
3 Chase De Leo Nikolay Goldobin Julien Gauthier 20 1 2 2
4 Jake Leschyshyn Boris Katchouk Vinni Lettieri 10 1 2 2
5 vs 5 Defense
Defense Defense Time % Phy DF OF
1 Mirco Mueller Ludwig Bystrom 40 1 2 2
2 Roman Josi Erik Cernak 30 1 2 2
3 Matthew Benning Juuso Valimaki 20 1 2 2
4 Mirco Mueller Ludwig Bystrom 10 1 2 2
PowerPlay Forward
Center Left Wing Right Wing Time % Phy DF OF
1 Dylan Strome Kyle Connor Tomas Jurco 60 1 2 2
2 Michael McLeod Nathan Walker Mathieu Joseph 40 1 2 2
PowerPlay Defense
Defense Defense Time % Phy DF OF
1 Mirco Mueller Ludwig Bystrom 60 1 2 2
2 Roman Josi Erik Cernak 40 1 2 2
Penalty Kill 4 Players Forward
Center Wing Time % Phy DF OF
1 Nikolay Goldobin Mathieu Joseph 60 1 2 2
2 Michael McLeod Tomas Jurco 40 1 2 2
Penalty Kill 4 Players Defense
Defense Defense Time % Phy DF OF
1 Mirco Mueller Ludwig Bystrom 60 1 2 2
2 Roman Josi Erik Cernak 40 1 2 2
Penalty Kill - 3 Players Forward
Forward Time % Phy DF OF
1 Nikolay Goldobin 60 1 2 2
2 Michael McLeod 40 1 2 2
Penalty Kill - 3 Players Defense
Defense Defense Time % Phy DF OF
1 Mirco Mueller Ludwig Bystrom 60 1 2 2
2 Roman Josi Erik Cernak 40 1 2 2
4 vs 4 Forward
Center Wing Time % Phy DF OF
1 Dylan Strome Kyle Connor 60 1 2 2
2 Michael McLeod Nathan Walker 40 1 2 2
4 vs 4 Defense
Defense Defense Time % Phy DF OF
1 Mirco Mueller Ludwig Bystrom 60 1 2 2
2 Roman Josi Erik Cernak 40 1 2 2
Last Minutes Offensive
Center Left Wing Right Wing Defense Defense
Dylan Strome Nathan Walker Tomas Jurco Mirco Mueller Ludwig Bystrom
Last Minutes Defensive
Center Left Wing Right Wing Defense Defense
Dylan Strome Nathan Walker Tomas Jurco Mirco Mueller Ludwig Bystrom
Goaltenders
Starting : Brandon Halverson
Backup : Filip Gustavsson
Extra Forwards
Normal : Mathieu Joseph, Dylan Strome, Chase De Leo - PP : Mathieu Joseph, Dylan Strome - PK : Mathieu Joseph
Extra Defensemen
Normal : Erik Cernak, Matthew Benning, Juuso Valimaki - PP : Erik Cernak - PK : Erik Cernak, Matthew Benning
Penalty Shots
Tomas Jurco, Nathan Walker, Kyle Connor, Nikolay Goldobin, Mathieu Joseph
Scratches
Anders Bjork (Healthy), Lane MacDermid (Healthy), Urho Vaakanainen (Healthy), Mitchell Stephens (Healthy), Nelson Nogier (Healthy)
Nick Merkley (Healthy), Jonathan Kovacevic (Healthy), Josh Mahura (Healthy), Max Jones (Healthy), Nathan Bastian (Healthy)
William Bitten (Healthy), Kieffer Bellows (Healthy), Tim Gettinger (Healthy), Joey Daccord (Healthy), Karel Vejmelka (Healthy)
Daniel Vladar (Healthy)
% Time on Ice - Crunch
Lines # - Real PCT - Wanted PCT - Time Play
Normal Forward
1 - 34% - 40% - 15:42
2 - 32% - 30% - 14:26
3 - 16% - 20% - 7:28
4 - 18% - 10% - 8:00
Normal Defense
1 - 35% - 40% - 16:00
2 - 34% - 30% - 15:37
3 - 28% - 20% - 12:55
4 - 2% - 10% - 1:04
PP Forward
1 - 62% - 60% - 1:02
2 - 38% - 40% - 0:38
PP Defense
1 - 94% - 60% - 1:34
2 - 6% - 40% - 0:06
PK Forward
1 - 71% - 60% - 6:34
2 - 29% - 40% - 2:40
PK Defense
1 - 62% - 60% - 5:41
2 - 38% - 40% - 3:33
PK3 Forward
1 - 0% - 60%
2 - 0% - 40%
PK3 Defense
1 - 0% - 60%
2 - 0% - 40%
44 Forward
1 - 78% - 60% - 2:05
2 - 22% - 40% - 0:35
44 Defense
1 - 88% - 60% - 2:21
2 - 12% - 40% - 0:19
Last Minute Offensive - 0:00
Last Minute Defensive - 0:50
Total
Forward - 60:00
Defense - 60:00
|
% Time on Ice - Moose
Lines # - Real PCT - Wanted PCT - Time Play
Normal Forward
1 - 32% - 40% - 14:28
2 - 28% - 30% - 12:33
3 - 25% - 20% - 11:18
4 - 16% - 10% - 7:16
Normal Defense
1 - 41% - 40% - 18:29
2 - 34% - 30% - 15:31
3 - 23% - 20% - 10:38
4 - 2% - 10% - 0:57
PP Forward
1 - 56% - 60% - 5:12
2 - 44% - 40% - 4:02
PP Defense
1 - 68% - 60% - 6:17
2 - 32% - 40% - 2:57
PK Forward
1 - 96% - 60% - 1:04
2 - 4% - 40% - 0:03
PK Defense
1 - 96% - 60% - 1:04
2 - 4% - 40% - 0:03
PK3 Forward
1 - 100% - 60% - 0:33
2 - 0% - 40% - 0:00
PK3 Defense
1 - 100% - 60% - 0:33
2 - 0% - 40% - 0:00
44 Forward
1 - 76% - 60% - 2:01
2 - 24% - 40% - 0:39
44 Defense
1 - 49% - 60% - 1:18
2 - 51% - 40% - 1:22
Last Minute Offensive - 0:51
Last Minute Defensive - 0:00
Total
Forward - 60:00
Defense - 60:00
|
Play-by-Play
1st period
0:01 of 1st period - Dylan Strome wins face-off versus Sam Bennett in neutral zone.
0:18 of 1st period - Mirco Mueller is hit by Sam Bennett and loses puck.
0:41 of 1st period - Brendan Guhle is hit by Mathieu Joseph and loses puck.
1:18 of 1st period - Slapshot by Roman Josi.
1:18 of 1st period - Shot Blocked by Jordan Oesterle.
1:20 of 1st period - Snap shot by Erik Cernak.
1:20 of 1st period - Deflect By Boris Katchouk.
1:20 of 1st period - Shot Misses the Net.
1:20 of 1st period - Puck is out of play.
1:21 of 1st period - Dylan Strome wins face-off versus Sam Bennett in Crunch zone.
1:24 of 1st period - Snap shot by Kyle Connor.
1:24 of 1st period - Shot Blocked by Anthony Cirelli.
1:28 of 1st period - Snap shot by Kyle Connor.
1:28 of 1st period - Shot Misses the Net.
1:30 of 1st period - Slapshot by Matthew Benning.
1:30 of 1st period - Shot Blocked by Anthony Cirelli.
1:32 of 1st period - Slapshot by Matthew Benning.
1:32 of 1st period - Deflect By Kyle Connor.
1:32 of 1st period - Shot Blocked by Jeremy Lauzon.
1:32 of 1st period - Puck is out of play.
1:33 of 1st period - Christoffer Ehn wins face-off versus Michael McLeod in Crunch zone.
1:47 of 1st period - Slapshot by Michael Ferland.
1:47 of 1st period - Shot Hit the Post.
1:49 of 1st period - Wrist shot by Michael Ferland.
1:49 of 1st period - Stopped by Brandon Halverson without a rebound.
1:50 of 1st period - Sam Bennett wins face-off versus Dylan Strome in Moose zone.
1:51 of 1st period - Snap shot by Jeremy Bracco.
1:51 of 1st period - Stopped by Brandon Halverson with a rebound.
2:03 of 1st period - Wrist shot by Kyle Connor.
2:03 of 1st period - Shot Hit the Post.
2:40 of 1st period - Mirco Mueller is hit by Jeremy Lauzon and loses puck.
2:53 of 1st period - Snap shot by Noah Hanifin.
2:53 of 1st period - Shot Blocked by Ludwig Bystrom.
3:00 of 1st period - Icing by Mirco Mueller.
3:01 of 1st period - Sam Bennett wins face-off versus Michael McLeod in Moose zone.
3:02 of 1st period - Snap shot by Jeremy Bracco.
3:02 of 1st period - Shot Blocked by Mathieu Joseph.
3:14 of 1st period - Snap shot by Sam Bennett.
3:14 of 1st period - Stopped by Brandon Halverson without a rebound.
3:15 of 1st period - Christoffer Ehn wins face-off versus Dylan Strome in Moose zone.
3:44 of 1st period - Off-side.
3:45 of 1st period - Sam Bennett wins face-off versus Jake Leschyshyn in neutral zone.
3:55 of 1st period - Slapshot by Sam Bennett.
3:55 of 1st period - Stopped by Brandon Halverson with a rebound.
3:57 of 1st period - Snap shot by Jeremy Bracco.
3:57 of 1st period - Goal by Jeremy Bracco - Crunch : 1 - Moose : 0.
3:58 of 1st period - Jacob Josefson wins face-off versus Dylan Strome in neutral zone.
4:25 of 1st period - Minor Penalty to Jeremy Lauzon for Diving.
4:26 of 1st period - Sam Bennett wins face-off versus Kyle Connor in Crunch zone.
6:25 of 1st period - Penalty to Jeremy Lauzon is over, Jeremy Lauzon is back on ice.
7:34 of 1st period - Juuso Valimaki is hit by Brendan Guhle and loses puck.
9:47 of 1st period - Brandon Hagel is hit by Michael McLeod and loses puck.
9:58 of 1st period - Ludwig Bystrom is hit by Roland McKeown and loses puck.
10:03 of 1st period - Wrist shot by Anatoli Golyshev.
10:03 of 1st period - Shot Blocked by Mirco Mueller.
10:21 of 1st period - Jake Leschyshyn is hit by Michael Ferland and loses puck.
10:30 of 1st period - Christoffer Ehn is hit by Mirco Mueller.
11:05 of 1st period - Anthony Cirelli is hit by Julien Gauthier and loses puck.
11:10 of 1st period - Snap shot by Nikolay Goldobin.
11:10 of 1st period - Stopped by Kaapo Kahkonen without a rebound.
11:11 of 1st period - Tomas Jurco wins face-off versus Christoffer Ehn in Crunch zone.
11:41 of 1st period - Juuso Valimaki is hit by Noah Hanifin and loses puck.
11:52 of 1st period - Icing by Rem Pitlick.
11:53 of 1st period - Tomas Jurco wins face-off versus Michael Ferland in Crunch zone.
12:24 of 1st period - Slapshot by Jeremy Bracco.
12:24 of 1st period - Shot Misses the Net.
12:34 of 1st period - Slapshot by Nathan Walker.
12:34 of 1st period - Stopped by Kaapo Kahkonen without a rebound.
12:35 of 1st period - Chase De Leo wins face-off versus Jacob Josefson in Crunch zone.
12:50 of 1st period - Backhand shot by Brandon Hagel.
12:50 of 1st period - Stopped by Brandon Halverson without a rebound.
12:51 of 1st period - Sam Bennett wins face-off versus Dylan Strome in Moose zone.
12:52 of 1st period - Wrist shot by Jeremy Bracco.
12:52 of 1st period - Shot Misses the Net.
13:03 of 1st period - Wrist shot by Tomas Jurco.
13:03 of 1st period - Stopped by Kaapo Kahkonen without a rebound.
13:04 of 1st period - Dylan Strome wins face-off versus Sam Bennett in Crunch zone.
13:17 of 1st period - Slapshot by Sam Bennett.
13:17 of 1st period - Stopped by Brandon Halverson without a rebound.
13:18 of 1st period - Michael McLeod wins face-off versus Sam Bennett in Moose zone.
13:29 of 1st period - Snap shot by Sam Bennett.
13:29 of 1st period - Stopped by Brandon Halverson with a rebound.
13:31 of 1st period - Wrist shot by Sam Bennett.
13:31 of 1st period - Goal by Sam Bennett - Crunch : 2 - Moose : 0.
13:32 of 1st period - Dylan Strome wins face-off versus Sam Bennett in neutral zone.
13:39 of 1st period - Wrist shot by Dylan Strome.
13:39 of 1st period - Shot Misses the Net.
13:41 of 1st period - Slapshot by Ludwig Bystrom.
13:41 of 1st period - Stopped by Kaapo Kahkonen with a rebound.
13:43 of 1st period - Snap shot by Kyle Connor.
13:43 of 1st period - Goal by Kyle Connor - Crunch : 2 - Moose : 1.
13:44 of 1st period - Sam Bennett wins face-off versus Michael McLeod in neutral zone.
13:47 of 1st period - Snap shot by Sam Bennett.
13:47 of 1st period - Stopped by Brandon Halverson with a rebound.
14:17 of 1st period - Off-side.
14:18 of 1st period - Michael McLeod wins face-off versus Jacob Josefson in neutral zone.
14:21 of 1st period - Wrist shot by Michael McLeod.
14:21 of 1st period - Stopped by Kaapo Kahkonen without a rebound.
14:22 of 1st period - Jacob Josefson wins face-off versus Mathieu Joseph in Crunch zone.
15:38 of 1st period - Wrist shot by Noah Hanifin.
15:38 of 1st period - Shot Blocked by Erik Cernak.
15:40 of 1st period - Slapshot by Jordan Oesterle.
15:40 of 1st period - Shot Misses the Net.
15:42 of 1st period - Snap shot by Christoffer Ehn.
15:42 of 1st period - Shot Misses the Net.
15:44 of 1st period - Slapshot by Jordan Oesterle.
15:44 of 1st period - Shot Blocked by Erik Cernak.
15:46 of 1st period - Slapshot by Noah Hanifin.
15:46 of 1st period - Stopped by Brandon Halverson with a rebound.
15:48 of 1st period - Slapshot by Jordan Oesterle.
15:48 of 1st period - Stopped by Brandon Halverson with a rebound.
16:18 of 1st period - Wrist shot by Nikolay Goldobin.
16:18 of 1st period - Shot Misses the Net.
16:30 of 1st period - Wrist shot by Nikolay Goldobin.
16:30 of 1st period - Shot Misses the Net.
16:32 of 1st period - Wrist shot by Erik Cernak.
16:32 of 1st period - Stopped by Kaapo Kahkonen with a rebound.
16:42 of 1st period - Wrist shot by Nikolay Goldobin.
16:42 of 1st period - Shot Blocked by Rem Pitlick.
16:50 of 1st period - Snap shot by Nikolay Goldobin.
16:50 of 1st period - Shot Misses the Net.
17:08 of 1st period - Snap shot by Roman Josi.
17:08 of 1st period - Deflect By Julien Gauthier.
17:08 of 1st period - Shot Misses the Net.
17:08 of 1st period - Puck is out of play.
17:09 of 1st period - Dylan Strome wins face-off versus Sam Bennett in Crunch zone.
17:12 of 1st period - Wrist shot by Kyle Connor.
17:12 of 1st period - Shot Misses the Net.
17:14 of 1st period - Slapshot by Ludwig Bystrom.
17:14 of 1st period - Stopped by Kaapo Kahkonen without a rebound.
17:15 of 1st period - Sam Bennett wins face-off versus Dylan Strome in Crunch zone.
17:44 of 1st period - Wrist shot by Nathan Walker.
17:44 of 1st period - Shot Blocked by Roland McKeown.
18:07 of 1st period - Slapshot by Jeremy Lauzon.
18:07 of 1st period - Stopped by Brandon Halverson without a rebound.
18:08 of 1st period - Connor Bunnaman wins face-off versus Dylan Strome in Moose zone.
18:27 of 1st period - Snap shot by Anatoli Golyshev.
18:27 of 1st period - Stopped by Brandon Halverson without a rebound.
18:28 of 1st period - Nathan Walker wins face-off versus Sam Bennett in Moose zone.
18:39 of 1st period - Snap shot by Anthony Cirelli.
18:39 of 1st period - Stopped by Brandon Halverson without a rebound.
18:40 of 1st period - Sam Bennett wins face-off versus Dylan Strome in Moose zone.
18:53 of 1st period - Anthony Cirelli is hit by Ludwig Bystrom and loses puck.
19:06 of 1st period - Joel Vermin is hit by Nathan Walker.
19:22 of 1st period - Minor Penalty to Jeremy Lauzon for Interference.
19:23 of 1st period - Dylan Strome wins face-off versus Sam Bennett in Crunch zone.
Goals for this period are 2 for Crunch vs 1 for Moose.
Shots for this period are 15 for Crunch vs 8 for Moose.
2nd period
0:01 of 2nd period - Sam Bennett wins face-off versus Dylan Strome in neutral zone.
0:40 of 2nd period - Snap shot by Christoffer Ehn.
0:40 of 2nd period - Shot Misses the Net.
1:22 of 2nd period - Penalty to Jeremy Lauzon is over, Jeremy Lauzon is back on ice.
1:40 of 2nd period - Off-side.
1:41 of 2nd period - Chase De Leo wins face-off versus Connor Bunnaman in neutral zone.
1:44 of 2nd period - Slapshot by Matthew Benning.
1:44 of 2nd period - Stopped by Kaapo Kahkonen without a rebound.
1:45 of 2nd period - Chase De Leo wins face-off versus Connor Bunnaman in Crunch zone.
1:50 of 2nd period - Snap shot by Nikolay Goldobin.
1:50 of 2nd period - Stopped by Kaapo Kahkonen with a rebound.
2:00 of 2nd period - Snap shot by Chase De Leo.
2:00 of 2nd period - Goal by Chase De Leo - Crunch : 2 - Moose : 2.
2:01 of 2nd period - Tomas Jurco wins face-off versus Anthony Cirelli in neutral zone.
2:28 of 2nd period - Ludwig Bystrom is hit by Joel Vermin and loses puck.
2:35 of 2nd period - Slapshot by Jacob Josefson.
2:35 of 2nd period - Stopped by Brandon Halverson with a rebound.
3:32 of 2nd period - Off-side.
3:33 of 2nd period - Sam Bennett wins face-off versus Dylan Strome in neutral zone.
3:45 of 2nd period - Slapshot by Kyle Connor.
3:45 of 2nd period - Shot Blocked by Jeremy Lauzon.
4:23 of 2nd period - Snap shot by Jeremy Lauzon.
4:23 of 2nd period - Deflect By Sam Bennett.
4:23 of 2nd period - Shot Misses the Net.
4:23 of 2nd period - Puck is out of play.
4:24 of 2nd period - Dylan Strome wins face-off versus Christoffer Ehn in Moose zone.
4:24 of 2nd period - Dylan Strome is hit by Michael Ferland.
5:02 of 2nd period - Minor Penalty to Michael Ferland for Slashing.
5:03 of 2nd period - Dylan Strome wins face-off versus Sam Bennett in Crunch zone.
7:02 of 2nd period - Penalty to Michael Ferland is over, Michael Ferland is back on ice.
7:03 of 2nd period - Erik Cernak is hit by Michael Ferland and loses puck.
7:18 of 2nd period - Roman Josi is hit by Anatoli Golyshev and loses puck.
7:27 of 2nd period - Snap shot by Anatoli Golyshev.
7:27 of 2nd period - Stopped by Brandon Halverson without a rebound.
7:28 of 2nd period - Chase De Leo wins face-off versus Jacob Josefson in Moose zone.
7:28 of 2nd period - Chase De Leo is hit by Brandon Hagel.
7:50 of 2nd period - Minor Penalty to Brandon Hagel for Hooking.
7:51 of 2nd period - Dylan Strome wins face-off versus Sam Bennett in Crunch zone.
7:56 of 2nd period - Snap shot by Tomas Jurco.
7:56 of 2nd period - Stopped by Kaapo Kahkonen without a rebound.
7:57 of 2nd period - Sam Bennett wins face-off versus Dylan Strome in Crunch zone.
8:24 of 2nd period - Snap shot by Mirco Mueller.
8:24 of 2nd period - Stopped by Kaapo Kahkonen with a rebound.
9:16 of 2nd period - Kyle Connor is hit by Noah Hanifin and loses puck.
9:50 of 2nd period - Penalty to Brandon Hagel is over, Brandon Hagel is back on ice.
10:18 of 2nd period - Snap shot by Chase De Leo.
10:18 of 2nd period - Goal by Chase De Leo - Crunch : 2 - Moose : 3.
10:19 of 2nd period - Sam Bennett wins face-off versus Dylan Strome in neutral zone.
10:24 of 2nd period - Slapshot by Roland McKeown.
10:24 of 2nd period - Stopped by Brandon Halverson without a rebound.
10:25 of 2nd period - Dylan Strome wins face-off versus Sam Bennett in Moose zone.
10:36 of 2nd period - Slapshot by Sam Bennett.
10:36 of 2nd period - Shot Blocked by Dylan Strome.
11:14 of 2nd period - Slapshot by Roman Josi.
11:14 of 2nd period - Stopped by Kaapo Kahkonen without a rebound.
11:15 of 2nd period - Jake Leschyshyn wins face-off versus Jeremy Bracco in Crunch zone.
11:28 of 2nd period - Slapshot by Ludwig Bystrom.
11:28 of 2nd period - Shot Misses the Net.
11:42 of 2nd period - Christoffer Ehn is hit by Mirco Mueller and loses puck.
12:07 of 2nd period - Joel Vermin is hit by Mathieu Joseph and loses puck.
12:30 of 2nd period - Jordan Oesterle is hit by Chase De Leo.
12:51 of 2nd period - Noah Hanifin is hit by Boris Katchouk and loses puck.
13:49 of 2nd period - Wrist shot by Chase De Leo.
13:49 of 2nd period - Shot Misses the Net.
14:56 of 2nd period - Brendan Guhle is hit by Michael McLeod and loses puck.
15:09 of 2nd period - Sam Bennett is hit by Matthew Benning and loses puck.
15:16 of 2nd period - Anthony Cirelli is hit by Matthew Benning and loses puck.
15:41 of 2nd period - Matthew Benning is hit by Jeremy Bracco and loses puck.
16:00 of 2nd period - Slapshot by Rem Pitlick.
16:00 of 2nd period - Shot Misses the Net.
17:07 of 2nd period - Off-side.
17:08 of 2nd period - Mathieu Joseph wins face-off versus Christoffer Ehn in neutral zone.
17:42 of 2nd period - Backhand shot by Brandon Hagel.
17:42 of 2nd period - Stopped by Brandon Halverson with a rebound.
18:04 of 2nd period - Slapshot by Jeremy Bracco.
18:04 of 2nd period - Deflect By Sam Bennett.
18:04 of 2nd period - Shot Misses the Net.
18:04 of 2nd period - Puck is out of play.
18:05 of 2nd period - Christoffer Ehn wins face-off versus Kyle Connor in Moose zone.
18:15 of 2nd period - Minor Penalty to Tomas Jurco for Hooking.
18:16 of 2nd period - Sam Bennett wins face-off versus Nikolay Goldobin in Moose zone.
18:20 of 2nd period - Wrist shot by Rem Pitlick.
18:20 of 2nd period - Shot Blocked by Nikolay Goldobin.
18:22 of 2nd period - Wrist shot by Roland McKeown.
18:22 of 2nd period - Stopped by Brandon Halverson with a rebound.
18:24 of 2nd period - Slapshot by Brendan Guhle.
18:24 of 2nd period - Shot Hit the Post.
18:26 of 2nd period - Snap shot by Anthony Cirelli.
18:26 of 2nd period - Shot Misses the Net.
18:48 of 2nd period - Snap shot by Michael Ferland.
18:48 of 2nd period - Stopped by Brandon Halverson with a rebound.
18:56 of 2nd period - Minor Penalty to Brendan Guhle for Hooking.
18:57 of 2nd period - Dylan Strome wins face-off versus Sam Bennett in Crunch zone.
19:06 of 2nd period - Kyle Connor is hit by Roland McKeown and loses puck.
19:39 of 2nd period - Snap shot by Mirco Mueller.
19:39 of 2nd period - Deflect By Michael McLeod.
19:39 of 2nd period - Stopped by Kaapo Kahkonen with a rebound.
19:41 of 2nd period - Snap shot by Nathan Walker.
19:41 of 2nd period - Shot Misses the Net.
19:43 of 2nd period - Snap shot by Mirco Mueller.
19:43 of 2nd period - Deflect By Michael McLeod.
19:43 of 2nd period - Stopped by Kaapo Kahkonen with a rebound.
19:45 of 2nd period - Slapshot by Mirco Mueller.
19:45 of 2nd period - Shot Misses the Net.
Goals for this period are 0 for Crunch vs 2 for Moose.
Shots for this period are 6 for Crunch vs 9 for Moose.
3rd period
0:01 of 3rd period - Dylan Strome wins face-off versus Sam Bennett in neutral zone.
0:08 of 3rd period - Wrist shot by Kyle Connor.
0:08 of 3rd period - Shot Misses the Net.
0:10 of 3rd period - Snap shot by Dylan Strome.
0:10 of 3rd period - Stopped by Kaapo Kahkonen without a rebound.
0:11 of 3rd period - Dylan Strome wins face-off versus Sam Bennett in Crunch zone.
0:12 of 3rd period - Snap shot by Kyle Connor.
0:12 of 3rd period - Shot Misses the Net.
0:15 of 3rd period - Penalty to Tomas Jurco is over, Tomas Jurco is back on ice.
0:36 of 3rd period - Wrist shot by Tomas Jurco.
0:36 of 3rd period - Shot Blocked by Jordan Oesterle.
0:38 of 3rd period - Wrist shot by Kyle Connor.
0:38 of 3rd period - Stopped by Kaapo Kahkonen with a rebound.
0:56 of 3rd period - Penalty to Brendan Guhle is over, Brendan Guhle is back on ice.
1:03 of 3rd period - Snap shot by Sam Bennett.
1:03 of 3rd period - Stopped by Brandon Halverson without a rebound.
1:04 of 3rd period - Michael McLeod wins face-off versus Christoffer Ehn in Moose zone.
1:15 of 3rd period - Snap shot by Michael McLeod.
1:15 of 3rd period - Deflect By Mathieu Joseph.
1:15 of 3rd period - Shot Blocked by Jordan Oesterle.
1:15 of 3rd period - Puck is out of play.
1:16 of 3rd period - Mathieu Joseph wins face-off versus Christoffer Ehn in Crunch zone.
2:00 of 3rd period - Slapshot by Ludwig Bystrom.
2:00 of 3rd period - Shot Blocked by Noah Hanifin.
2:16 of 3rd period - Snap shot by Anthony Cirelli.
2:16 of 3rd period - Shot Misses the Net.
2:36 of 3rd period - Wrist shot by Jacob Josefson.
2:36 of 3rd period - Shot Misses the Net.
3:02 of 3rd period - Noah Hanifin is hit by Mathieu Joseph and loses puck.
3:19 of 3rd period - Snap shot by Vinni Lettieri.
3:19 of 3rd period - Stopped by Kaapo Kahkonen without a rebound.
3:20 of 3rd period - Sam Bennett wins face-off versus Dylan Strome in Crunch zone.
3:33 of 3rd period - Sam Bennett is hit by Ludwig Bystrom and loses puck.
4:10 of 3rd period - Snap shot by Dylan Strome.
4:10 of 3rd period - Shot Misses the Net.
4:16 of 3rd period - Slapshot by Tomas Jurco.
4:16 of 3rd period - Deflect By Dylan Strome.
4:16 of 3rd period - Shot Misses the Net.
4:16 of 3rd period - Puck is out of play.
4:17 of 3rd period - Christoffer Ehn wins face-off versus Michael McLeod in Crunch zone.
4:17 of 3rd period - Christoffer Ehn is hit by Nathan Walker.
4:55 of 3rd period - Wrist shot by Brandon Hagel.
4:55 of 3rd period - Stopped by Brandon Halverson with a rebound.
4:57 of 3rd period - Backhand shot by Joel Vermin.
4:57 of 3rd period - Stopped by Brandon Halverson without a rebound.
4:58 of 3rd period - Michael McLeod wins face-off versus Connor Bunnaman in Moose zone.
5:26 of 3rd period - Minor Penalty to Mirco Mueller for Hooking.
5:27 of 3rd period - Sam Bennett wins face-off versus Nikolay Goldobin in Moose zone.
5:48 of 3rd period - Minor Penalty to Erik Cernak for Interference.
5:49 of 3rd period - Sam Bennett wins face-off versus Nikolay Goldobin in Moose zone.
6:14 of 3rd period - Ludwig Bystrom is hit by Jeremy Bracco and loses puck.
6:21 of 3rd period - Snap shot by Jeremy Bracco.
6:21 of 3rd period - Deflect By Christoffer Ehn.
6:21 of 3rd period - Goal by Christoffer Ehn - Crunch : 3 - Moose : 3.
6:22 of 3rd period - Nikolay Goldobin wins face-off versus Sam Bennett in neutral zone.
6:25 of 3rd period - Slapshot by Mirco Mueller.
6:25 of 3rd period - Stopped by Kaapo Kahkonen without a rebound.
6:25 of 3rd period - Minor Penalty to Kaapo Kahkonen for Slashing.
6:26 of 3rd period - Sam Bennett wins face-off versus Dylan Strome in Crunch zone.
7:09 of 3rd period - Matthew Benning is hit by Jeremy Lauzon.
7:37 of 3rd period - Jordan Oesterle is hit by Chase De Leo and loses puck.
7:48 of 3rd period - Penalty to Erik Cernak is over, Erik Cernak is back on ice.
8:04 of 3rd period - Christoffer Ehn is hit by Dylan Strome and loses puck.
8:05 of 3rd period - Christoffer Ehn from Crunch is injured at 8:05 of 3rd period (Groin).
8:06 of 3rd period - Sam Bennett wins face-off versus Dylan Strome in Crunch zone.
8:25 of 3rd period - Penalty to Brendan Guhle is over, Brendan Guhle is back on ice.
8:31 of 3rd period - Rem Pitlick is hit by Nathan Walker and loses puck.
8:49 of 3rd period - Off-side.
8:50 of 3rd period - Jake Leschyshyn wins face-off versus Connor Bunnaman in neutral zone.
8:53 of 3rd period - Slapshot by Roman Josi.
8:53 of 3rd period - Shot Misses the Net.
9:45 of 3rd period - Slapshot by Rem Pitlick.
9:45 of 3rd period - Stopped by Brandon Halverson with a rebound.
10:06 of 3rd period - Snap shot by Michael McLeod.
10:06 of 3rd period - Stopped by Kaapo Kahkonen with a rebound.
10:08 of 3rd period - Backhand shot by Michael McLeod.
10:08 of 3rd period - Stopped by Kaapo Kahkonen with a rebound.
10:10 of 3rd period - Slapshot by Mirco Mueller.
10:10 of 3rd period - Shot Misses the Net.
10:12 of 3rd period - Slapshot by Mirco Mueller.
10:12 of 3rd period - Stopped by Kaapo Kahkonen without a rebound.
10:13 of 3rd period - Dylan Strome wins face-off versus Michael Ferland in Crunch zone.
10:45 of 3rd period - Snap shot by Nikolay Goldobin.
10:45 of 3rd period - Shot Misses the Net.
10:57 of 3rd period - Wrist shot by Jeremy Bracco.
10:57 of 3rd period - Shot Blocked by Boris Katchouk.
10:59 of 3rd period - Snap shot by Jeremy Bracco.
10:59 of 3rd period - Goal by Jeremy Bracco - Crunch : 4 - Moose : 3.
11:00 of 3rd period - Sam Bennett wins face-off versus Dylan Strome in neutral zone.
11:07 of 3rd period - Snap shot by Anthony Cirelli.
11:07 of 3rd period - Shot Misses the Net.
11:27 of 3rd period - Michael Ferland is hit by Mathieu Joseph and loses puck.
12:05 of 3rd period - Icing by Chase De Leo.
12:06 of 3rd period - Jacob Josefson wins face-off versus Jake Leschyshyn in Moose zone.
12:11 of 3rd period - Wrist shot by Jacob Josefson.
12:11 of 3rd period - Stopped by Brandon Halverson with a rebound.
12:13 of 3rd period - Snap shot by Joel Vermin.
12:13 of 3rd period - Stopped by Brandon Halverson without a rebound.
12:14 of 3rd period - Jeremy Bracco wins face-off versus Dylan Strome in Moose zone.
12:24 of 3rd period - Slapshot by Kyle Connor.
12:24 of 3rd period - Stopped by Kaapo Kahkonen with a rebound.
12:26 of 3rd period - Snap shot by Kyle Connor.
12:26 of 3rd period - Shot Blocked by Anthony Cirelli.
12:40 of 3rd period - Michael Ferland is hit by Mirco Mueller and loses puck.
13:22 of 3rd period - Roland McKeown is hit by Dylan Strome and loses puck.
13:27 of 3rd period - Wrist shot by Dylan Strome.
13:27 of 3rd period - Stopped by Kaapo Kahkonen with a rebound.
13:29 of 3rd period - Slapshot by Erik Cernak.
13:29 of 3rd period - Stopped by Kaapo Kahkonen with a rebound.
13:50 of 3rd period - Snap shot by Chase De Leo.
13:50 of 3rd period - Shot Blocked by Brendan Guhle.
14:27 of 3rd period - Slapshot by Jeremy Lauzon.
14:27 of 3rd period - Stopped by Brandon Halverson without a rebound.
14:28 of 3rd period - Sam Bennett wins face-off versus Jake Leschyshyn in Moose zone.
14:39 of 3rd period - Wrist shot by Sam Bennett.
14:39 of 3rd period - Stopped by Brandon Halverson with a rebound.
14:50 of 3rd period - Icing by Sean Walker.
14:51 of 3rd period - Dylan Strome wins face-off versus Brandon Hagel in Crunch zone.
15:21 of 3rd period - Wrist shot by Nikolay Goldobin.
15:21 of 3rd period - Shot Misses the Net.
15:23 of 3rd period - Snap shot by Nikolay Goldobin.
15:23 of 3rd period - Stopped by Kaapo Kahkonen with a rebound.
15:25 of 3rd period - Slapshot by Roman Josi.
15:25 of 3rd period - Stopped by Kaapo Kahkonen with a rebound.
15:27 of 3rd period - Snap shot by Chase De Leo.
15:27 of 3rd period - Shot Hit the Post.
15:29 of 3rd period - Slapshot by Julien Gauthier.
15:29 of 3rd period - Shot Misses the Net.
15:50 of 3rd period - Slapshot by Noah Hanifin.
15:50 of 3rd period - Shot Blocked by Nathan Walker.
16:02 of 3rd period - Slapshot by Brendan Guhle.
16:02 of 3rd period - Stopped by Brandon Halverson with a rebound.
16:04 of 3rd period - Snap shot by Michael Ferland.
16:04 of 3rd period - Shot Misses the Net.
16:06 of 3rd period - Wrist shot by Rem Pitlick.
16:06 of 3rd period - Stopped by Brandon Halverson with a rebound.
17:00 of 3rd period - Nathan Walker is hit by Connor Bunnaman and loses puck.
17:01 of 3rd period - Nathan Walker from Moose is injured at 17:01 of 3rd period (Bruised Right Leg).
17:02 of 3rd period - Dylan Strome wins face-off versus Jacob Josefson in Moose zone.
17:36 of 3rd period - Snap shot by Sam Bennett.
17:36 of 3rd period - Stopped by Brandon Halverson with a rebound.
18:00 of 3rd period - Brandon Hagel is hit by Mathieu Joseph and loses puck.
18:31 of 3rd period - Snap shot by Kyle Connor.
18:31 of 3rd period - Shot Blocked by Jacob Josefson.
18:41 of 3rd period - Wrist shot by Rem Pitlick.
18:41 of 3rd period - Shot Misses the Net.
19:01 of 3rd period - Snap shot by Sam Bennett.
19:01 of 3rd period - Stopped by Brandon Halverson with a rebound.
19:03 of 3rd period - Wrist shot by Jeremy Lauzon.
19:03 of 3rd period - Deflect By Joel Vermin.
19:03 of 3rd period - Stopped by Brandon Halverson without a rebound.
19:04 of 3rd period - Adams Oates call a timeout for Moose.
19:04 of 3rd period - Dylan Strome wins face-off versus Sam Bennett in Moose zone.
19:21 of 3rd period - Moose, Brandon Halverson is pulled from the net.
19:39 of 3rd period - Slapshot by Anthony Cirelli.
19:39 of 3rd period - Shot Blocked by Ludwig Bystrom.
19:41 of 3rd period - Snap shot by Joel Vermin.
19:41 of 3rd period - Goal by Joel Vermin - Crunch : 5 - Moose : 3.
19:41 of 3rd period - Brandon Halverson from Moose was sent back in the game.
19:42 of 3rd period - Sam Bennett wins face-off versus Dylan Strome in neutral zone.
19:45 of 3rd period - Slapshot by Anthony Cirelli.
19:45 of 3rd period - Shot Misses the Net.
Goals for this period are 3 for Crunch vs 0 for Moose.
Shots for this period are 16 for Crunch vs 12 for Moose.
Output by the SimonT Hockey Simulator (STHS) for Francois Prevost